cohdb
Replays
Latest Replays
All Replays
Popular Replays
Top Player Replays
Match Explorer
How It Works
Community
CoH3 Stats
Reddit
Sign in to upload your games and track your stats! →
Sign in with Steam
Match 33067859
Unlisted
Match 33067859
Overview
Messages
Build Orders
End
Construct Barracks
Riflemen Squad
Riflemen Squad
Grenade Package
Riflemen Squad
Selects Advanced Infantry Battlegroup
Selects Convert to Ranger Squad
Convert to Ranger Squad
Infantry Support Center
Selects Frontline Medical Station
Advanced Logistics
Riflemen Squad
Construct Motor Pool
M1 Anti-tank Gun Team
M1 Anti-tank Gun Team
Survival Training
Frontline Medical Station
M1 Anti-tank Gun Team
Munitions Surplus
Convert to Ranger Squad
Selects Ranger Weapon Training
Bruistablet
dragonborn85
Belfegor ๏̯͡๏
Professor gibberish
Grimauldus
--==[ ZaiS ]==--
Bradders
LegendaireNic
0
0
Comments
sign in to comment!
No comments posted yet!